 Dungeon Crawl Stone Soup version 0.26-a0-597-gb535b0901c (webtiles) character file.

Game seed: 68476129168678161

1720 Apogee the Chucker (level 8, -3/79 HPs)
             Began as a Troll Hunter on Sept 15, 2020.
             Was a Believer of Qazlal.
             Killed from afar by a white imp (8 damage)
             ... with a puff of frost
             ... on level 7 of the Dungeon.
             The game lasted 00:07:49 (4669 turns).

Apogee the Chucker (Troll Hunter)                   Turns: 4669, Time: 00:07:49

Health: -3/79      AC:  8    Str: 28    XL:     8   Next: 75%
Magic:  5/7        EV: 11    Int:  8    God:    Qazlal [**....]
Gold:   227        SH:  3    Dex: 10    Spells: 7/7 levels left

rFire    + + .     SeeInvis .     - Unarmed
rCold    . . .     Faith    .   (no shield)
rNeg     . . .     Spirit   .   o - +2 robe {rF+}
rPois    .         Reflect  .   (helmet restricted)
rElec    .         Harm     .   (no cloak)
rCorr    .                      (gloves unavailable)
MR       .....                  (boots unavailable)
Stlth    +.........             (no amulet)
HPRegen  0.63/turn              i - ring of protection from fire
MPRegen  0.10/turn              f - +6 ring of strength

@: lethally poisoned (-3 -> -3)
A: large, unfitting armour, claws 3, regeneration 1, shaggy fur 1, tough skin 3
a: Upheaval, Renounce Religion


You were on level 7 of the Dungeon.
You worshipped Qazlal.
Qazlal was pleased with you.
You visited 1 branch of the dungeon, and saw 7 of its levels.

You collected 227 gold pieces.

Inventory:

Hand Weapons
 a - a +0 short sword
Missiles
 c - 5 large rocks (quivered)
 d - 2 throwing nets {!f}
 m - 73 stones
 s - 57 poisoned darts
Armour
 b - a +0 robe
 o - a +2 robe of fire resistance (worn)
   (You found it on level 2 of the Dungeon)
Jewellery
 f - a +6 ring of strength (right claw)
   (You found it on level 1 of the Dungeon)
 i - a ring of protection from fire (left claw)
   (You found it on level 2 of the Dungeon)
 l - an uncursed amulet of magic regeneration {unknown}
   (You found it on level 1 of the Dungeon)
 q - an uncursed ring of flight {unknown}
   (You found it on level 2 of the Dungeon)
 t - a +4 ring of protection
   (You took it off a goblin on level 3 of the Dungeon)
 z - an uncursed ring of ice {unknown}
   (You found it on level 5 of the Dungeon)
Scrolls
 e - 2 scrolls of blinking {unknown}
 g - 7 scrolls of remove curse {@r2}
 k - 6 scrolls of teleportation {@r4}
 u - 2 scrolls of amnesia {unknown}
 w - a scroll of enchant weapon {unknown}
 y - a scroll of random uselessness {unknown}
 C - 2 scrolls of magic mapping {unknown}
 E - a scroll of identify {unknown}
Potions
 h - 5 potions of curing {@q1}
 j - a potion of might {unknown}
 n - a potion of lignification {unknown}
 p - 2 potions of flight {unknown}
 r - 2 potions of heal wounds {@q2}
 v - a potion of cancellation {unknown}
 x - a potion of resistance {unknown}
 A - 2 potions of brilliance {unknown}
 B - a potion of degeneration {unknown}
 D - 2 potions of stabbing {unknown}


   Skills:
 + Level 4.7 Fighting
 + Level 6.1 Throwing
 + Level 4.6 Dodging
 - Level 0.3 Stealth
 + Level 6.1 Unarmed Combat


You had 7 spell levels left.
You didn't know any spells.
Your spell library contained the following spells:

 Spells                   Type           Power        Failure   Level
 Magic Dart               Conj           #...         41%         1
 Blink                    Tloc           N/A          54%         2
 Call Imp                 Summ           #.......     54%         2
 Slow                     Hex            #.......     54%         2
 Conjure Flame            Conj/Fire      #.......     78%         3
 Mephitic Cloud           Conj/Pois/Air  #.......     78%         3


Dungeon Overview and Level Annotations

Branches:
Dungeon (6/15)             Temple (0/1) D:4

Altars:
Elyvilon
Gozag
Nemelex Xobeh
Qazlal
Sif Muna
The Shining One

Shops:
D:4 }   D:5 [

Annotations:
D:3 2 transporters, CrazyArbalest's ghost, amateur MiHu
D:6 2 transporters, Lanoc's ghost, novice FoFi


Innate Abilities, Weirdness & Mutations

You are too large for most types of armour.
You have claws for hands.
Your natural rate of healing is unusually fast.
You are covered in fur. (AC +1)
You have extremely tough skin. (AC +3)


Message History

The killer bee barely misses you.
You closely miss the white imp. The killer bee closely misses you.
The white imp barely misses you. You block the killer bee's attack.
You claw the white imp!
You kill the white imp!
Qazlal accepts your kill. The killer bee closely misses you.
The killer bee stings you.
* * * LOW HITPOINT WARNING * * *
You scratch the killer bee. The killer bee stings you!
* * * LOW HITPOINT WARNING * * *
You are poisoned.
The killer bee poisons you!
You scratch the killer bee. Your claw misses the killer bee.
You feel sick. The killer bee closely misses you.
The killer bee completely misses you.
Unknown command.
You miss the killer bee.
You feel sick. The killer bee barely misses you. x2
Unknown command.
You barely miss the killer bee. You block the killer bee's attack.
The killer bee stings you but does no damage.
Unknown command.
Okay, then.
You barely miss the killer bee. The killer bee barely misses you.
An ogre comes into view. It is wielding a +0 giant club.
The killer bee closely misses you.
Unknown command.
You claw the killer bee!
You kill the killer bee!
Qazlal accepts your kill.
You feel sick.
The killer bee stings you but does no damage.
Unknown command.
You miss the killer bee. The killer bee barely misses you.
The killer bee misses you.
Unknown command.
You scratch the killer bee.
You feel sick.
The killer bee stings you but does no damage.
The killer bee stings you.
* * * LOW HITPOINT WARNING * * *
You claw the killer bee!
You kill the killer bee!
Qazlal accepts your kill.
You scratch the ogre.
The ogre hits you with a +0 giant club!!
* * * LOW HITPOINT WARNING * * *
You feel sick.
You feel sick.
You see here a leather armour.
The white imp gestures at you. The puff of frost hits you!
You die...

###...#####
#..........
#############
#†#.†......
#...........#
##.##.._8_.#
#.#########.# #..#
....... #.#
#.####5.# #.....#
#.#
#.#.....#####....
#.#
##.#..°........###
#.# #..@O._...###.
# #.# #.#.......#
#.# #.........#
#.# #######.....
#.# #.##### #)# .#
#)# .# #.# #.#


You could see an ogre and a white imp.

Vanquished Creatures
  A steam dragon (D:7)
  2 phantoms
  2 sky beasts
  4 centaurs
  A bullfrog (D:6)
  3 killer bees (D:7)
  2 centaur zombies
  A centaur skeleton (D:4)
  A hound (D:5)
  A bullfrog skeleton (D:5)
  5 orc priests
  A jelly (D:5)
  An orc wizard (D:6)
  3 worker ants
  A hound skeleton (D:5)
  12 adders
  4 gnolls (D:6)
  A white imp (D:7)
  An ooze (D:4)
  5 worms
  An adder skeleton (D:5)
  2 dart slugs
  4 leopard geckos
  11 orcs
  2 ball pythons (D:1)
  15 bats
  2 giant cockroaches
  8 goblins
  4 hobgoblins
  8 jackals
  5 kobolds
  3 quokkas
  4 frilled lizards
  A jackal zombie (D:6)
  A quokka zombie (D:5)
  3 rats
126 creatures vanquished.

Vanquished Creatures (others)
  A jackal (D:7)
1 creature vanquished.

Grand Total: 127 creatures vanquished

Notes
Turn   | Place    | Note
-------+----------+-------------------------------------------
     0 | D:1      | Apogee the Troll Hunter began the quest for the Orb.
     0 | D:1      | Reached XP level 1. HP: 19/19 MP: 0/0
    96 | D:1      | Reached XP level 2. HP: 27/28 MP: 1/1
   101 | D:1      | Reached skill level 1 in Unarmed Combat
   640 | D:2      | Reached XP level 3. HP: 14/35 MP: 2/2
  1052 | D:2      | Reached XP level 4. HP: 34/42 MP: 3/3
  1367 | D:3      | Noticed a fire elemental
  1368 | D:3      | Found a stormy altar of Qazlal.
  1372 | D:3      | Noticed an earth elemental
  1372 | D:3      | Noticed an air elemental
  1372 | D:3      | Noticed a water elemental
  1377 | D:3      | Became a worshipper of Qazlal Stormbringer
  1428 | D:3      | Found an opulent altar of Gozag.
  1496 | D:3      | Reached XP level 5. HP: 29/50 MP: 4/4
  1579 | D:3      | Found the ring of Phasing {EV+8}
  1642 | D:3      | Found a transporter.
  1664 | D:3      | Found a transporter.
  1669 | D:3      | Noticed a small abomination
  1686 | D:3      | Noticed CrazyArbalest's ghost (amateur MiHu)
  1790 | D:3      | Found a white marble altar of Elyvilon.
  2209 | D:4      | Noticed a centaur
  2218 | D:4      | Killed a centaur
  2218 | D:4      | Reached XP level 6. HP: 34/59 MP: 5/5
  2293 | D:4      | Found a staircase to the Ecumenical Temple.
  2317 | D:4      | Found Wanian's Gadget Emporium.
  2558 | D:4      | You fall into a shaft and drop 1 floor!
  2558 | D:5      | Entered Level 5 of the Dungeon
  2577 | D:5      | Reached XP level 7. HP: 42/67 MP: 6/6
  2582 | D:5      | Reached * piety under Qazlal
  3208 | D:5      | Reached skill level 5 in Throwing
  3362 | D:5      | Found Ecerai's Antique Armour Boutique.
  3525 | D:5      | Reached skill level 5 in Unarmed Combat
  3817 | D:5      | Reached XP level 8. HP: 69/78 MP: 7/7
  4284 | D:6      | Noticed Lanoc's ghost (novice FoFi)
  4289 | D:6      | Found a transporter.
  4320 | D:6      | Reached ** piety under Qazlal
  4376 | D:6      | Found a transporter.
  4430 | D:6      | You fall into a shaft and drop 1 floor!
  4621 | D:7      | Found a sparkling altar of Nemelex Xobeh.
  4631 | D:7      | Found a glowing golden altar of the Shining One.
  4631 | D:7      | Found a shimmering blue altar of Sif Muna.
  4663 | D:7      | HP: 3/79 [ogre/+0 giant club (23)]
  4669 | D:7      | Killed from afar by a white imp

Illustrated notes

Levels and vault maps discovered:
D:1:      dpeg_arrival_tiny_f, layout_rooms, minmay_tetromino_l2
D:2:      layout_basic, dk_noncrumbling_3, minmay_distorted
D:3:      layout_loops_ring, lemuel_crystal_altar,
          nicolae_qazlal_style_of_elements, gammafunk_ghost_abyssal_escape,
          elyvilon_altar_3
D:4:      layout_layer_cave, minmay_temple_entry_mist,
          cheibrodos_sewer_entry_bend, serial_shops, nicolae_shop_stone,
          minmay_misc_feat_secret_circle
D:5:      layout_basic, serial_shops, nicolae_shop_window_shopping
D:6:      layout_rooms, kennysheep_mini_moat, gammafunk_ghost_stat_death
D:7:      gammafunk_the_bubble [the_bubble_gammafunk_roulette],
          layout_loops_ring, chequers_temple_overflow_statue_of_worship,
          basic_altar, roderic_batcave, nemelex_dance_club_becter,
          uniq_crazy_yiuf_cottage

Skill      XL: |  1  2  3  4  5  6  7  8 |
---------------+-------------------------+-----
Unarmed Combat | 1 2 3 4 5 6 |  6.1
Fighting       | 2 3 4 |  4.7
Dodging        | 2 3 4 |  4.6
Throwing       | 4 5 6 |  6.1
Stealth        | |  0.3

Action                   |  1- 3 |  4- 6 |  7- 9 || total
-------------------------+-------+-------+-------++-------
Melee: Unarmed           |   125 |    91 |   205 ||   421
       Short sword       |     2 |       |       ||     2
       Punch             |     1 |     3 |     2 ||     6
Invok: Upheaval          |       |       |     1 ||     1
  Use: Scroll            |       |       |     2 ||     2
       Potion            |       |       |     2 ||     2
 Stab: Sleeping          |       |     1 |       ||     1
Armor: Robe              |    60 |    28 |   115 ||   203
Dodge: Dodged            |    74 |    34 |   141 ||   249
Block: Other             |       |       |    25 ||    25

Table legend: (Time is in decaauts)
 A = Elapsed time spent in this place.
 B = Non-inter-level travel time spent in this place.
 C = Inter-level travel time spent in this place.
 D = Time resting spent in this place.
 E = Time spent auto-exploring this place.
 F = Levels seen in this place.
 G = Mean time per level.
                   A        B        C        D        E       F      G
               +--------+--------+--------+--------+--------+-----+--------+
         Total |   4650 |   4318 |    332 |    120 |   3306 |   7 |  664.3 |
       Dungeon |   4650 |   4318 |    332 |    120 |   3306 |   7 |  664.3 |
               +--------+--------+--------+--------+--------+-----+--------+

Top non-repeatable levels by time:
     D:5: 1168 daAuts
     D:4: 949 daAuts
     D:2: 726 daAuts
     D:3: 669 daAuts
     D:1: 596 daAuts
     D:6: 310 daAuts
     D:7: 229 daAuts
